 Dungeon Crawl Stone Soup version 0.28.0-53-g5a82cb258f (webtiles) character file.

Game seed: 13039619691476499974

621 mcbry74 the Arsonist (level 7, -3/36 HPs)
             Began as a Deep Elf Fire Elementalist on July 20, 2022.
             Slain by Edmund
             ... wielding a +3 flail of protection
              (10 damage)
             ... on level 6 of the Dungeon.
             The game lasted 00:17:57 (3689 turns).

mcbry74 the Arsonist (Deep Elf Fire Elementalist)   Turns: 3689, Time: 00:18:00

Health: -3/36      AC:  5    Str:  5    XL:     7   Next: 22%
Magic:  3/13       EV: 12    Int: 22    God:
Gold:   199        SH:  0    Dex: 15    Spells: 5/12 levels left

rFire   . . .      SeeInvis .   k - +2 whip (venom)
rCold   . . .      Faith    .   (no shield)
rNeg    . . .      Spirit   .   a - +0 robe
rPois   .          Reflect  .   c - +2 helmet
rElec   .          Harm     .   (no cloak)
rCorr   .          Rampage  .   (no gloves)
Will    .....                   (no boots)
Stlth   ++........              (no amulet)
HPRegen 0.12/turn               (no ring)
MPRegen 0.13/turn               (no ring)

@: no status effects
A: no striking features
a: no special abilities


You were on level 6 of the Dungeon.
You visited 1 branch of the dungeon, and saw 5 of its levels.
You also visited: Sewer.

You collected 199 gold pieces.

Inventory:

Hand Weapons
 f - a +0 hand axe
 k - a +2 whip of venom (weapon)
Missiles
 j - 5 boomerangs
 m - 8 poisoned darts
 q - a curare-tipped dart
Armour
 a - a +0 robe (worn)
 c - a +2 helmet (worn)
Jewellery
 n - an amulet of guardian spirit
Wands
 x - a wand of flame (25)
Scrolls
 b - a scroll of brand weapon {unknown}
 e - 2 scrolls of identify {unknown}
 g - a scroll of magic mapping {unknown}
 i - a scroll of enchant weapon {unknown}
 r - a scroll of fog {unknown}
 s - 2 scrolls of amnesia {unknown}
 u - 2 scrolls of blinking {unknown}
 v - a scroll of teleportation {unknown}
 w - a scroll of enchant armour {unknown}
 y - a scroll of fear {unknown}
Potions
 d - a potion of haste {unknown}
 h - a potion of attraction {unknown}
 l - a potion of flight {unknown}
 o - a potion of heal wounds {unknown}
 p - a potion of ambrosia {unknown}
 t - 2 potions of curing {unknown}


   Skills:
 - Level 2.4 Dodging
 - Level 3.0 Stealth
 - Level 3.0 Spellcasting
 - Level 2.0 Conjurations
 * Level 8.9 Fire Magic


You had 5 spell levels left.
You knew the following spells:

 Your Spells              Type           Power      Damage    Failure   Level
a - Foxfire               Conj/Fire      100%       2x1d9     1%          1
b - Scorch                Fire           84%        2d9       1%          2
c - Flame Wave            Conj/Fire      27%        2d7       13%         4

Your spell library contained the following spells:

 Spells                   Type           Power      Damage    Failure   Level
 Conjure Flame            Conj/Fire      27%        6-21      4%          3
 Inner Flame              Hex/Fire       23%        N/A       6%          3


Dungeon Overview and Level Annotations

Branches:
Dungeon (6/15)              Sewer (visited)
 Temple: D:4-7

Altars:

Shops:
D:2 [=(

Annotations:
D:6 Edmund


Message History

There is a stone staircase leading down here.
You climb downwards.
Level annotation: Edmund, Prince Ribbit Edmund hits you with a +3 flail of protection!
There is a stone staircase leading up here.
Casting: Scorch (safe; 1% risk of failure)
Confirm with . or Enter, or press ? or * to list all spells.
Flames lash Prince Ribbit.
Prince Ribbit is moderately wounded.
Prince Ribbit's fire resistance burns away.
Prince Ribbit hits you.
Edmund hits you with a +3 flail of protection.
Prince Ribbit closely misses you.
Casting: Scorch (safe; 1% risk of failure)
Confirm with . or Enter, or press ? or * to list all spells.
Flames lash Prince Ribbit.
Prince Ribbit is burned terribly!
Prince Ribbit is heavily wounded.
Edmund barely misses you. Prince Ribbit completely misses you.
Casting: Scorch (safe; 1% risk of failure)
Confirm with . or Enter, or press ? or * to list all spells.
Flames lash Edmund.
Edmund is moderately wounded.
Edmund's fire resistance burns away.
Prince Ribbit closely misses you.
Edmund hits you with a +3 flail of protection!
* * * LOW HITPOINT WARNING * * *
Prince Ribbit hits you.
* * * LOW HITPOINT WARNING * * *
Casting: Scorch (safe; 1% risk of failure)
Confirm with . or Enter, or press ? or * to list all spells.
Flames lash Edmund.
Edmund is burned terribly!
Edmund is heavily wounded.
Edmund barely misses you.
Prince Ribbit hits you but does no damage.
Casting: Scorch (safe; 1% risk of failure)
Confirm with . or Enter, or press ? or * to list all spells.
Flames lash Prince Ribbit.
Prince Ribbit is burned terribly!
You kill Prince Ribbit!
Prince Ribbit returns to his original shape as he dies.
Edmund hits you with a +3 flail of protection!
You die...

######..#.#
#.......#.#
#.#####.#.#
#.#..(..#.#
#.#.#####.#
#.#.#.###.#
#.#.#.#...#
###.#.#.#.#@# ####
#.......#.#@#.# ...#
#.#.#.#.#.#†#.# ...#
#.#.#.#.#.#.#.#
...###.#.#.#.#.#.#[#
..>....#.#.#.#.#.#.#
.#.#####.#.#.#.#.#.#
.#.# #.#.#.†...#.###
...# #...§.#.......#
#..# ###.#.#####.#.#


You could see Edmund (combustible).

Vanquished Creatures
  Prince Ribbit (D:6)
  Duvessa (D:6)
  A necrophage (D:6)
  2 kobold brigands (Sewer)
  Dowan (D:6)
  11 adders
  8 river rats
  3 worms
  A dart slug (D:1)
  An orc (D:6)
  8 ball pythons
  6 bats
  4 endoplasms
  A giant cockroach (D:2)
  3 goblins
  2 hobgoblins (D:1)
  6 jackals (D:2)
  9 kobolds
  3 quokkas (D:1)
  3 frilled lizards
  8 rats
83 creatures vanquished.

Vanquished Creatures (others)
  164 foxfires
  A plant (D:3)
165 creatures vanquished.

Grand Total: 248 creatures vanquished

Notes
Turn   | Place    | Note
-------+----------+-------------------------------------------
     0 | D:1      | mcbry74 the Deep Elf Fire Elementalist began the quest for
                  | the Orb.
     0 | D:1      | Reached XP level 1. HP: 10/10 MP: 6/6
   367 | D:1      | Reached XP level 2. HP: 15/15 MP: 8/8
   438 | D:1      | Learned a level 2 spell: Scorch
  1126 | D:2      | Reached skill level 4 in Fire Magic
  1220 | D:2      | Reached XP level 3. HP: 19/19 MP: 3/9
  1454 | D:2      | Found Ucusuusu's Jewellery Emporium.
  1472 | D:2      | Found Boxy's Antique Armour Shoppe.
  1603 | D:2      | Found Lyescheenn's Weapon Shop.
  1966 | D:3      | Reached skill level 5 in Fire Magic
  1966 | D:3      | Reached XP level 4. HP: 24/24 MP: 7/10
  2318 | D:3      | You fall into a shaft and drop 3 floors!
  2555 | D:6      | Reached XP level 5. HP: 27/28 MP: 9/11
  2570 | D:6      | Reached skill level 6 in Fire Magic
  2641 | D:6      | Found a glowing drain.
  2649 | Sewer    | Entered a sewer
  2698 | Sewer    | Learned a level 4 spell: Flame Wave
  2821 | Sewer    | Reached skill level 7 in Fire Magic
  2887 | Sewer    | Reached XP level 6. HP: 32/32 MP: 9/12
  3331 | D:6      | Noticed Duvessa
  3331 | D:6      | Noticed Dowan
  3336 | D:6      | Killed Duvessa
  3337 | D:6      | Reached skill level 8 in Fire Magic
  3338 | D:6      | Killed Dowan
  3339 | D:6      | Reached XP level 7. HP: 36/36 MP: 3/13
  3651 | D:6      | Noticed Edmund
  3651 | D:6      | Noticed Prince Ribbit
  3680 | D:5      | Entered Level 5 of the Dungeon
  3689 | D:6      | Killed Prince Ribbit
  3689 | D:6      | Slain by Edmund

Illustrated notes

Levels and vault maps discovered:
D:1:      dpeg_arrival_simpleton_c, layout_loops_ring
D:2:      layout_rooms, serial_shops, nicolae_shop_waterfront,
          nicolae_shop_crystal, nicolae_shop_hallway_plus, minmay_surrounded
D:3:      layout_basic, zin_academy,
          dreamdust_ecumenical_altar_angels_and_demons, kennysheep_another_room,
          saegor_snake_ambush
D:5:      layout_loops_ring, regret_index_temple_of_mockery,
          fiery_altar_vehumet, minmay_temple_entry_tees
D:6:      layout_basic, lightli_ossuary_entry_decrepit_ruins,
          lightli_sewer_entry_pipes, uniq_duvessa, uniq_prince_ribbit1,
          uniq_edmund, uniq_sigmund, uniq_eustachio

Skill      XL: |  1  2  3  4  5  6 |
---------------+-------------------+-----
Stealth        | 3 |  3.0
Fire Magic     | 4 5 7 8 |  8.9
Conjurations   | 2 |  2.0
Dodging        | |  2.4
Spellcasting   | |  3.0

Action                   |  1- 3 |  4- 6 |  7- 9 || total
-------------------------+-------+-------+-------++-------
Melee: Hand axe          |    35 |       |       ||    35
       Whip              |     7 |    15 |       ||    22
 Cast: Foxfire           |    45 |    52 |     2 ||    99
       Scorch            |     1 |    11 |    11 ||    23
Armor: Robe              |    30 |     3 |     2 ||    35
Dodge: Dodged            |    45 |    17 |     8 ||    70
